 Dungeon Crawl Stone Soup version 0.23.2-1-ga50397a6bc (webtiles) character file.

Game seed: 13729948092445600085

16124 Kobolds4U the Protected (level 12, -7/105 HPs)
             Began as a Minotaur Fighter on Apr 24, 2019.
             Was a Believer of Uskayaw.
             Killed from afar by Roxanne (70 damage)
             ... with a crystal spear
             ... on level 14 of the Dungeon.
             The game lasted 00:32:24 (10611 turns).

Kobolds4U the Protected (Minotaur Fighter)         Turns: 10611, Time: 00:32:24

Health: -7/105     AC: 25    Str: 22    XL:     12   Next: 7%
Magic:  17/17      EV: 14    Int:  8    God:    Uskayaw [**....]
Gold:   499        SH:  0    Dex: 13    Spells: 11/11 levels left

rFire    + . .     SeeInvis .   a - +2 battleaxe (chop)
rCold    . . .     Gourm    .   (shield currently unavailable)
rNeg     + . .     Faith    .   x - +8 scale mail of the Eagle {Regen+}
rPois    .         Spirit   .   (helmet restricted)
rElec    .         Reflect  .   B - +2 cloak {MR+}
rCorr    .         Harm     .   (no gloves)
MR       +....                  D - +2 pair of boots
Stlth    ..........             (no amulet)
HPRegen  0.67/turn              E - ring of protection from fire
MPRegen  0.15/turn              e - ring of positive energy

@: no status effects
A: retaliatory headbutt, horns 2, clever 1, mutation resistance 1, shaggy fur 1
a: Stomp, Line Pass, Renounce Religion


You were on level 14 of the Dungeon.
You worshipped Uskayaw.
Uskayaw was aware of your devotion.
You were not hungry.

You visited 2 branches of the dungeon, and saw 13 of its levels.
You also visited: Bailey.

You collected 807 gold pieces.
You spent 308 gold pieces at shops.

Inventory:

Hand Weapons
 a - a +2 battleaxe of chopping (weapon)
 b - a +0 arbalest
 P - a +2 great mace of holy wrath
 S - a +0 morningstar of freezing
 W - a +3 dire flail
Missiles
 o - 43 tomahawks of returning
 y - 2 tomahawks of dispersal (quivered)
 G - 13 tomahawks
 H - 45 bolts
Armour
 r - a +1 plate armour
 x - the +8 scale mail of the Eagle (worn) {Regen+}
   (You found it on level 4 of the Dungeon)

   It increases your rate of regeneration.
 B - a +2 cloak of magic resistance (worn)
 D - a +2 pair of boots (worn)
 M - a +2 robe
 N - a +2 robe of positive energy
Magical Staves
 U - an uncursed staff of wizardry {unknown}
Jewellery
 e - a ring of positive energy (right hand)
 E - a ring of protection from fire (left hand)
Wands
 h - a wand of polymorph (5)
 p - a wand of clouds (1)
 t - a wand of digging (15)
 F - a wand of iceblast (15)
 O - a wand of acid (9)
Scrolls
 g - 7 scrolls of remove curse
 i - 4 scrolls of teleportation
 j - 2 scrolls of amnesia {unknown}
 m - 3 scrolls of immolation
 n - a scroll of noise
 u - 2 scrolls of random uselessness {unknown}
 A - 4 scrolls of fog
 I - a scroll of identify
 K - a scroll of fear
 L - 4 scrolls of enchant weapon {unknown}
 R - 2 scrolls of acquirement {unknown}
 V - a scroll of silence
Potions
 c - a potion of resistance
 d - 4 potions of might
 k - 4 potions of degeneration
 l - a potion of cancellation
 q - a potion of invisibility
 s - 2 potions of lignification
 v - a potion of flight
 z - 7 potions of curing
 C - 2 potions of agility
 Q - 2 potions of heal wounds
 T - a potion of experience {unknown}
Miscellaneous
 J - a lightning rod (4/4)
Comestibles
 f - 25 rations
 w - 6 chunks of flesh


   Skills:
 + Level 9.6 Fighting
 + Level 11.3 Axes
 - Level 6.1 Crossbows
 - Level 11.3 Armour
 + Level 8.2 Dodging
   Level 3.6 Shields
 - Level 9.1 Invocations


You had 11 spell levels left.
You didn't know any spells.
Your spell library was empty.

Dungeon Overview and Level Annotations

Branches:
Dungeon (14/15)            Temple (1/1) D:6            Lair (0/6) D:10
    Orc: D:9-12      Vaults: D:13-14

Altars:
Ashenzari
Cheibriados
Dithmenos
Elyvilon
Fedhas
Gozag
Hepliaklqana
Kikubaaqudgha
Makhleb
Nemelex Xobeh
Okawaru
Qazlal
Ru
Sif Muna
Trog
Uskayaw
Vehumet
Wu Jian
Xom
Yredelemnul
Zin
The Shining One

Shops:
D:7 }

Annotations:
D:14 Roxanne


Innate Abilities, Weirdness & Mutations

You reflexively headbutt those who attack you in melee.
You have a pair of horns on your head.
Your mind is acute. (Int +2)
You are somewhat resistant to further mutation.
You are covered in fur. (AC +1)


Message History

Roxanne casts a spell.
The iron shot hits you!!!
You slash Roxanne!
Roxanne is moderately damaged.
You can now pass through a line of other dancers.
You slash Roxanne!
Roxanne is moderately damaged.
You slash Roxanne!
Roxanne is heavily damaged.
Unknown command.
You hit Roxanne but do no damage. You headbutt Roxanne!
Roxanne is heavily damaged.
Roxanne casts a spell.
The iron shot hits you.
You slash Roxanne! You headbutt Roxanne.
Roxanne is severely damaged.
Roxanne casts a spell.
The crystal spear hits you!!!
Ouch! That really hurt!
You die...

.............#####...#
.................##.##
.....................#
.....................#
.....................#
...................###
.................#.#
...................#
......)))(......@8.#
........(.........)#
........(........###
..################ ..#
..# ).# รท.# [[#


You could see Roxanne.

Vanquished Creatures
  An orc warlord (Bailey)
  4 two-headed ogres (D:10)
  Erica (D:10)
  2 tengu warriors (D:14)
  A wizard (D:14)
  A cyclops (D:14)
  2 centaur zombies (D:14)
  Maurice (D:8)
  2 kobold demonologists (D:14)
  A redback zombie (D:14)
  2 trolls (D:14)
  A queen bee (D:8)
  A basilisk (D:14)
  7 yaks
  A hungry ghost (D:9)
  Menkaure (D:6)
  Duvessa (D:5)
  3 sky beasts
  3 ice beasts
  7 orc warriors
  2 black bears
  2 phantoms
  3 ogres
  4 centaurs
  3 big kobolds
  5 bullfrogs
  A wyvern zombie (D:14)
  2 wyvern skeletons
  2 scorpions (D:7)
  Dowan (D:5)
  27 killer bees
  A howler monkey (D:4)
  7 crimson imps
  3 jellies
  Crazy Yiuf (D:2)
  3 orc wizards
  A quasit (D:14)
  6 orc priests
  5 hounds
  4 bullfrog skeletons
  Terence (D:3)
  5 iguanas
  2 centaur skeletons
  9 worker ants
  A killer bee zombie (D:10)
  A centaur simulacrum (D:10)
  A hound skeleton (D:6)
  A worker ant zombie (D:9)
  5 gnolls
  A howler monkey zombie (D:10)
  12 adders
  2 shadow imps
  2 oozes
  An adder zombie (D:7)
  5 worms
  2 adder skeletons (D:6)
  3 dart slugs
  8 leopard geckos
  41 orcs
  7 giant cockroaches
  13 goblins
  11 hobgoblins
  12 jackals
  7 quokkas
  7 bats
  4 frilled lizards
  25 kobolds
  10 rats
325 creatures vanquished.

Notes
Turn   | Place    | Note
-------+----------+-------------------------------------------
     0 | D:1      | Kobolds4U the Minotaur Fighter began the quest for the Orb.
     0 | D:1      | Reached XP level 1. HP: 19/19 MP: 0/0
    86 | D:1      | Reached XP level 2. HP: 27/27 MP: 1/1
   660 | D:2      | Reached XP level 3. HP: 24/34 MP: 2/2
  1106 | D:2      | Reached skill level 5 in Fighting
  1418 | D:2      | Reached XP level 4. HP: 40/42 MP: 3/3
  1720 | D:2      | Found a runed translucent door.
  1721 | D:2      | Noticed Crazy Yiuf
  1784 | D:2      | Killed Crazy Yiuf
  2150 | D:3      | Reached XP level 5. HP: 46/48 MP: 4/4
  2156 | D:3      | Noticed Terence
  2261 | D:3      | Killed Terence
  2261 | D:3      | Reached skill level 5 in Axes
  2413 | D:3      | Noticed a centaur
  2420 | D:3      | Killed a centaur
  2420 | D:3      | Reached skill level 5 in Armour
  2432 | D:3      | Reached XP level 6. HP: 49/56 MP: 5/5
  2692 | D:3      | Noticed a moth of wrath
  2696 | D:3      | Found a bloodstained altar of Trog.
  3143 | D:4      | Reached XP level 7. HP: 39/61 MP: 6/6
  3241 | D:4      | Got a dazzling scale mail
  3263 | D:4      | Identified the +8 scale mail of the Eagle {Regen+} (You
                  | found it on level 4 of the Dungeon)
  3567 | D:5      | Entered Level 5 of the Dungeon
  3742 | D:5      | Reached XP level 8. HP: 63/68 MP: 7/7
  3949 | D:5      | Noticed Dowan
  3950 | D:5      | Noticed Duvessa
  3971 | D:5      | Killed Dowan
  3975 | D:5      | Killed Duvessa
  4225 | D:5      | Reached skill level 10 in Armour
  4515 | D:6      | Reached XP level 9. HP: 74/74 MP: 8/8
  4592 | D:6      | Noticed Menkaure
  4597 | D:6      | Found an iron altar of Okawaru.
  4600 | D:6      | Killed Menkaure
  4600 | D:6      | Reached skill level 1 in Dodging
  4767 | D:6      | Found a basalt altar of Yredelemnul.
  4875 | D:6      | Found a staircase to the Ecumenical Temple.
  4890 | Temple   | Entered the Ecumenical Temple
  4989 | Temple   | Became a worshipper of Uskayaw the Reveler
  5137 | D:7      | Reached * piety under Uskayaw
  5146 | D:7      | Reached ** piety under Uskayaw
  5149 | D:7      | Reached *** piety under Uskayaw
  5303 | D:7      | Reached skill level 1 in Invocations
  5823 | D:7      | Found Amiaxef's Gadget Emporium.
  5826 | D:7      | Bought a wand of digging (7) for 308 gold pieces
  6132 | D:8      | Reached skill level 10 in Axes
  6135 | D:8      | Reached **** piety under Uskayaw
  6201 | D:8      | Found a radiant altar of Vehumet.
  6227 | D:8      | Noticed Maurice
  6244 | D:8      | Killed Maurice
  6278 | D:8      | Noticed a queen bee
  6285 | D:8      | Killed a queen bee
  6285 | D:8      | Reached XP level 10. HP: 81/81 MP: 8/12
  6293 | D:8      | Reached skill level 5 in Invocations
  6296 | D:8      | Reached ***** piety under Uskayaw
  6313 | D:8      | Reached skill level 5 in Dodging
  6317 | D:8      | HP: 3/81 [killer bee (7)]
  6887 | D:8      | Gained mutation: Your mind is acute. (Int +2) [potion of
                  | mutation]
  6887 | D:8      | Gained mutation: You are covered in fur. (AC +1) [potion of
                  | mutation]
  6887 | D:8      | Gained mutation: You are somewhat resistant to further
                  | mutation. [potion of mutation]
  7187 | D:9      | Found an iron altar of Okawaru.
  7203 | D:9      | Found a glowing golden altar of the Shining One.
  7389 | D:9      | Found a stormy altar of Qazlal.
  7409 | D:9      | Found Zuseceg's Antique Weapon Shoppe.
  8048 | D:10     | Entered Level 10 of the Dungeon
  8076 | D:10     | Noticed a two-headed ogre
  8077 | D:10     | Noticed a two-headed ogre
  8270 | D:10     | Noticed a two-headed ogre
  8274 | D:10     | Noticed a two-headed ogre
  8279 | D:10     | Killed a two-headed ogre
  8286 | D:10     | Killed a two-headed ogre
  8490 | D:10     | Killed a two-headed ogre
  8563 | D:10     | Killed a two-headed ogre
  8563 | D:10     | Reached XP level 11. HP: 79/91 MP: 16/16
  8664 | D:10     | Noticed Erica
  8673 | D:10     | Killed Erica
  8827 | D:10     | Found a staircase to the Lair.
  9387 | D:11     | Found a flagged portal.
  9403 | Bailey   | Entered a bailey
  9438 | Bailey   | Noticed an orc warlord
  9512 | Bailey   | Reached skill level 1 in Crossbows
  9556 | Bailey   | Found a runed translucent gate.
  9556 | Bailey   | Found a runed translucent gate.
  9591 | Bailey   | Found a runed translucent gate.
  9847 | Bailey   | Killed an orc warlord
  9958 | D:11     | You fall through a shaft for 3 floors!
  9977 | D:14     | Reached skill level 5 in Crossbows
  9984 | D:14     | Noticed Roxanne
 10037 | D:14     | Noticed a tengu warrior
 10104 | D:14     | Noticed a tengu warrior
 10156 | D:14     | Killed a tengu warrior
 10158 | D:14     | Killed a tengu warrior
 10360 | D:14     | Noticed a wizard
 10367 | D:14     | Killed a wizard
 10367 | D:14     | Reached XP level 12. HP: 95/105 MP: 17/17
 10611 | D:14     | Killed from afar by Roxanne

Skill      XL: |  1  2  3  4  5  6  7  8  9 10 11 |
---------------+----------------------------------+-----
Fighting       | 4 5 6 9 |  9.6
Axes           | 3 4 5 6 7 8 10 11 | 11.3
Armour         | 4 5 6 8 11 | 11.3
Dodging        | 4 6 8 |  8.2
Invocations    | 4 8 9 |  9.1
Crossbows      | 6 |  6.1
Shields        | |  3.6

Action                   |  1- 3 |  4- 6 |  7- 9 | 10-12 || total
-------------------------+-------+-------+-------+-------++-------
Melee: War axe           |    61 |   129 |   200 |       ||   390
       Headbutt          |     5 |    20 |    56 |    59 ||   140
       Battleaxe         |       |       |   114 |   329 ||   443
 Fire: Arbalest          |       |       |       |    19 ||    19
Invok: Stomp             |       |       |     1 |    17 ||    18
       Line Pass         |       |       |     1 |     2 ||     3
Evoke: Wand              |       |       |       |     1 ||     1
       Lightning rod     |       |       |       |     1 ||     1
  Use: Potion            |       |       |     1 |     2 ||     3
       Scroll            |       |       |     5 |    15 ||    20
 Stab: Paralysed         |       |       |    10 |    25 ||    35
  Eat: Chunk             |     2 |     5 |    11 |    11 ||    29
       Ration            |       |       |       |     2 ||     2
Armor: Scale mail        |    12 |       |   250 |   267 ||   529
       Chain mail        |    25 |    47 |       |       ||    72
       Plate armour      |       |    73 |     8 |       ||    81
Dodge: Dodged            |    24 |    78 |   193 |   364 ||   659
